 Dungeon Crawl Stone Soup version 0.32-a0-290-g598725c5f2 (webtiles) character file.

Game seed: 1080638219177266903

12401 lunkers the Zephyrmancer (level 11, -3/118 HPs)
             Began as an Oni Air Elementalist on Feb 13, 2024.
             Was a High Priest of Ashenzari.
             Succumbed to a cane toad's poison
             ... on level 2 of the Lair of Beasts.
             The game lasted 00:26:09 (14363 turns).

lunkers the Zephyrmancer (Oni Air Elementalist)    Turns: 14363, Time: 00:26:10

Health: -3/118     AC:  4    Str: 20    XL:     11   Next: 92%
Magic:  10/26      EV: 10    Int: 20    God:    Ashenzari [*****.]
Gold:   651        SH:  5    Dex:  9    Spells: 20/32 levels left

rFire   + . .        g - +1 whip of Ashenzari's Bitterness {holy, rElec rC+, Comp, Dev} (curse)
rCold   + . .        (no shield)
rNeg    . . .        a - +0 robe "Enlightened Ennui" {Fort, Range} (curse)
rPois   .            (helmet restricted)
rElec   +            O - +0 cloak of Supernal Gnosis {Fort, Cun} (curse)
rCorr   .            (gloves unavailable)
SInv    +            (boots unavailable)
Will    +....        c - amulet of Ashenzari's Augurer {Reflect SH+5, Cun, Fort} (curse)
Stlth   ++           f - ring of the Restrained Moon {rF+, Melee, Comp} (curse)
HPRegen 0.39/turn    A - ring "Orthodoxy of Ashenzari" {Str+6, Cun, Dev} (curse)
MPRegen 0.20/turn

%: reflection, clarity
@: lethally poisoned (-3 -> -26), slowed, very slow
A: large, unfitting armour, horns 1, tough skin 1, double potion healing,
drunken brawling
a: Renounce Religion, Curse Item, Shatter the Chains


You were on level 2 of the Lair of Beasts.
You worshipped Ashenzari.
Ashenzari was extremely pleased with you.
You visited 3 branches of the dungeon, and saw 12 of its levels.
You also visited: Sewer and Ossuary.

You collected 651 gold pieces.

Inventory:

Hand Weapons
 g - the cursed +1 whip of Ashenzari's Bitterness (weapon) {holy, rElec rC+, Comp, Dev}
   (You found it on level 2 of the Dungeon)

   rC+:       It protects you from cold.
   rElec:     It insulates you from electricity.
   It has a curse which improves the following skills: Companions: Summonings
   and Necromancy.
   Devices:   Evocations and Shapeshifting.
 k - a +1 dagger of venom
 G - a +2 spear of venom
 J - a +6 scimitar
Armour
 a - the cursed +0 robe "Enlightened Ennui" (worn) {Fort, Range}

   It has a curse which improves the following skills: Fortitude: Armour and
   Shields.
   Ranged Combat: Ranged Weapons and Throwing.
 O - the cursed +0 cloak of Supernal Gnosis (worn) {Fort, Cun}
   (You found it on level 1 of the Lair of Beasts)

   It has a curse which improves the following skills: Fortitude: Armour and
   Shields.
   Cunning:   Dodging and Stealth.
Magical Staves
 o - a staff of fire
Jewellery
 c - the cursed amulet of Ashenzari's Augurer (around neck) {Reflect SH+5, Cun, Fort}
   (You found it on level 3 of the Dungeon)

   [amulet of reflection]

   Reflect:   It reflects blocked missile attacks.
   SH+5:      It affects your SH (+5).
   It has a curse which improves the following skills: Cunning: Dodging and
   Stealth.
   Fortitude: Armour and Shields.
 f - the cursed ring of the Restrained Moon (left hand) {rF+, Melee, Comp}
   (You found it on level 1 of the Dungeon)

   [ring of protection from fire]

   rF+:       It protects you from fire.
   It has a curse which improves the following skills: Melee Combat: Short
   Blades, Long Blades, Axes, Maces & Flails, Polearms, Staves and Unarmed
   Combat.
   Companions: Summonings and Necromancy.
 q - an amulet of regeneration
 A - the cursed ring "Orthodoxy of Ashenzari" (right hand) {Str+6, Cun, Dev}
   (You found it on level 5 of the Dungeon)

   [ring of strength]

   Str+6:     It affects your strength (+6).
   It has a curse which improves the following skills: Cunning: Dodging and
   Stealth.
   Devices:   Evocations and Shapeshifting.
 D - a +6 ring of strength
 E - a +6 ring of strength
Wands
 m - a wand of digging (3)
 p - a wand of mindburst (19)
 s - a wand of flame (42)
 K - a wand of iceblast (4)
Scrolls
 e - a scroll of revelation
 x - 8 scrolls of identify
 y - 2 scrolls of blinking
 z - a scroll of fog
 B - 2 scrolls of amnesia
 F - a scroll of teleportation
 H - a scroll of butterflies
 I - a scroll of torment
 L - a scroll of poison
 M - a scroll of immolation
Potions
 b - a potion of magic
 d - 8 potions of curing
 h - 3 potions of mutation
 i - 5 potions of heal wounds
 j - 4 potions of enlightenment
 l - 2 potions of ambrosia
 n - 3 potions of brilliance
 r - 5 potions of attraction
 t - a potion of haste
 u - 2 potions of might
 v - 3 potions of invisibility
 w - a potion of cancellation
 C - a potion of berserk rage


   Skills:
 + Level 10.2 Fighting
 - Level 1.7(4.5) Dodging
 - Level 1.4(4.0) Stealth
 + Level 11.1 Spellcasting
 - Level 0.8 Conjurations
 * Level 13.0 Air Magic


You had 20 spell levels left.
You knew the following spells:

 Your Spells              Type           Power      Damage    Failure   Level
a - Shock                 Conj/Air       100%       1d9       1%          1
b - Static Discharge      Conj/Air       76%        3-7/arc   1%          2
c - Swiftness             Air            58%        N/A       1%          3
d - Airstrike             Air            29%        2d(5-21)  1%          4
e - Mercury Vapours       Alch/Air       74%        N/A       1%          2

Your spell library contained the following spells:

 Spells                   Type           Power      Damage    Failure   Level
 Cigotuvi's Dreadful Rot  Necr/Alch/Air  58%        N/A       1%          2
 Mephitic Cloud           Conj/Alch/Air  29%        N/A       2%          3
 Sting                    Conj/Alch      48%        1d6       5%          1
 Freeze                   Ice            44%        1d6       6%          1
 Scorch                   Fire           22%        2d5       10%         2
 Call Canine Familiar     Summ           12%        N/A       16%         3
 Hailstorm                Conj/Ice       12%        3d6       16%         3
 Frozen Ramparts          Ice            22%        1d4       19%         3
 Sigil of Binding         Hex            11%        N/A       19%         3
 Tukima's Dance           Hex            11%        N/A       19%         3
 Flame Wave               Conj/Fire      12%        2d6       45%         4
 Iskenderun's Mystic Bla  Conj/Tloc      12%        2d5       45%         4
 Dimensional Bullseye     Hex/Tloc       5%         N/A       52%         4
 Olgreb's Toxic Radiance  Alch           11%        N/A       52%         4
 Summon Mana Viper        Hex/Summ       11%        N/A       85%         5
 Summon Cactus Giant      Summ           6%         N/A       100%        6
 Discord                  Hex            5%         N/A       100%        8


Dungeon Overview and Level Annotations

Branches:
Dungeon (9/15)             Temple (1/1) D:4            Lair (2/5) D:9
  Sewer (visited)         Ossuary (visited)
  Swamp: Lair:2-3    Shoals: Lair:2-3     Snake: Lair:2-3    Spider: Lair:2-3
    Orc: D:9-12

Altars:
Ashenzari
Cheibriados
Dithmenos
Elyvilon
Fedhas
Gozag
Kikubaaqudgha
Okawaru
Ru
Sif Muna
Trog
Uskayaw
Wu Jian
Xom
Yredelemnul
The Shining One

Shops:
D:1 [   D:3 *

Annotations:
D:6 3 runed translucent doors, Azoth's ghost, novice HuFi
Lair:1 2 transporters


Innate Abilities, Weirdness & Mutations

You are too large for most types of armour.
You have a pair of small horns on your head.
You have tough skin. (AC +1)
You gain doubled healing and magic from potions.
Whenever you drink a healing potion, you attack all around you.


Message History

Confirm with . or Enter, or press ? or * to list all spells.
The plant is struck by an arc of lightning.
The plant is lightly damaged.
You resist.
You are struck by an arc of lightning.
The cane toad is struck by an arc of lightning.
The cane toad is lightly wounded.
The lightning grounds out.
The cane toad is struck by an arc of lightning!
The cane toad is moderately wounded.
You resist.
You are struck by an arc of lightning.
The torpor snail is struck by an arc of lightning.
The torpor snail is heavily wounded.
You resist.
You are struck by an arc of lightning.
* * * LOW HITPOINT WARNING * * *
The torpor snail is struck by an arc of lightning.
The torpor snail is heavily wounded.
The lightning grounds out.
A nearby plant withers and dies.
The cane toad stings you!
* * * LOW HITPOINT WARNING * * *
The torpor snail bites you!
* * * LOW HITPOINT WARNING * * *
You block the cane toad's attack.
Casting: Static Discharge (safe; 1% risk of failure)
Confirm with . or Enter, or press ? or * to list all spells.
Aiming: Airstrike (safe; 1% risk of failure)
Press: ? - help, Dir - move target, f/p - torpor snail
Aim: a torpor snail (heavily wounded, empty space bonus: 6/8)
The air twists around and strikes the torpor snail!!
The torpor snail is almost dead.
The cane toad stings you!!
* * * LOW HITPOINT WARNING * * *
You are lethally poisoned!
The cane toad poisons you! The torpor snail bites you!
* * * LOW HITPOINT WARNING * * *
You block the cane toad's attack.
Okay, then.
As you read the scroll of fear, it crumbles to dust.
You assume a fearsome visage.
The butterfly looks frightened!
The torpor snail looks frightened!
The cane toad looks frightened!
You die...

**,,,,****,,,,,,,,,,
*,*,,..*##..........,
,*,#©,.b##...........,
**,,#.#).*..............,
.,,,$##..###............,
$*.,##..................,
..ß##...................,
..##....................,
.##.........#...@w......,
##...........#...F......,
#...........####.>......,
.............#*P.......P,
..#.........##*#........,
..##.........##.........,
.######.......##.......#*
.## #........#.P....##*
.P## ###............,* *


You could see a torpor snail (fleeing) and a cane toad (fleeing).

Vanquished Creatures
  2 two-headed ogres (D:9)
  Maurice (D:8)
  2 black mambas
  2 cane toads (Lair:1)
  2 komodo dragons (Lair:1)
  A polar bear (Lair:1)
  Grinder (D:3)
  Prince Ribbit (D:5)
  9 blink frogs
  Sigmund (D:2)
  A vampire (D:9)
  8 yaks
  Grum (D:8)
  A basilisk (Lair:2)
  4 water moccasins
  3 orc warriors (D:8)
  3 black bears
  An ice beast (D:6)
  A sky beast (D:6)
  3 wolves (D:8)
  An ogre (D:4)
  5 centaurs
  A phantom (D:4)
  4 kobold brigands
  2 weeping skulls (Ossuary)
  9 bullfrogs
  8 scorpions
  12 wights
  A howler monkey (D:9)
  2 bombardier beetles
  A human zombie (Ossuary)
  3 hounds
  A gnoll bouda (D:8)
  2 orc priests
  Terence (D:2)
  An iguana (D:6)
  7 orc wizards
  4 mummies (Ossuary)
  Robin (D:3)
  12 adders
  11 gnolls
  2 shadow imps
  A white imp (D:5)
  2 ufetubi (D:5)
  2 dart slugs
  A ribbon worm (D:3)
  38 orcs
  11 bats
  5 endoplasms
  5 giant cockroaches
  14 goblins
  10 hobgoblins
  8 jackals
  14 kobolds
  5 quokkas
  8 ball pythons
  3 frilled lizards
  3 gnoll zombies (Ossuary)
  A kobold zombie (Ossuary)
  3 orc zombies (Ossuary)
  12 rats
285 creatures vanquished.

Notes
Turn   | Place    | Note
-------+----------+-------------------------------------------
     0 | D:1      | lunkers the Oni Air Elementalist began the quest for the
                  | Orb.
     0 | D:1      | Reached XP level 1. HP: 16/16 MP: 3/3
   203 | D:1      | Reached skill level 3 in Air Magic
   203 | D:1      | Reached XP level 2. HP: 24/24 MP: 0/5
   466 | D:1      | Reached XP level 3. HP: 29/31 MP: 0/7
   609 | D:1      | Found Hejoneteum's Antique Armour Boutique.
  1265 | D:1      | Reached XP level 4. HP: 35/39 MP: 0/9
  1273 | D:1      | Learned a level 2 spell: Static Discharge
  1277 | D:1      | Learned a level 3 spell: Swiftness
  1407 | D:1      | Reached skill level 4 in Air Magic
  1482 | D:2      | Noticed Sigmund
  1574 | D:2      | Identified the +1 whip "Zebyq" {holy, rElec rC+}
  1594 | D:2      | Killed Sigmund
  1595 | D:2      | Reached skill level 5 in Air Magic
  1595 | D:2      | Reached XP level 5. HP: 27/45 MP: 1/11
  1595 | D:2      | Reached XP level 6. HP: 32/53 MP: 1/12
  2112 | D:2      | Noticed Terence
  2119 | D:2      | Learned a level 4 spell: Airstrike
  2138 | D:2      | Killed Terence
  2509 | D:3      | Found a glowing drain.
  2513 | Sewer    | Entered a sewer
  2794 | Sewer    | Reached skill level 5 in Spellcasting
  2794 | Sewer    | Reached skill level 6 in Air Magic
  2794 | Sewer    | Reached XP level 7. HP: 41/59 MP: 5/14
  2861 | Sewer    | Found a white marble altar of Elyvilon.
  2993 | D:3      | Found Zeicuw's Assorted Antiques.
  3161 | D:3      | Noticed Grinder
  3162 | D:3      | Paralysed by Grinder for 3 turns
  3171 | D:3      | Paralysed by Grinder for 5 turns
  3330 | D:3      | Noticed Robin
  3352 | D:3      | Killed Robin
  3554 | D:3      | Found a white marble altar of Elyvilon.
  3786 | D:3      | Found a faded altar of an unknown god.
  3909 | D:3      | Killed Grinder
  4155 | D:3      | Found an ornate altar of the Wu Jian Council.
  4239 | D:4      | Found a glowing golden altar of the Shining One.
  4250 | D:4      | Found a basalt altar of Yredelemnul.
  4252 | D:4      | Noticed a profane servitor
  4417 | D:4      | Found an opulent altar of Gozag.
  4445 | D:4      | Reached skill level 7 in Air Magic
  4540 | D:4      | Found a snail-covered altar of Cheibriados.
  4554 | D:4      | Reached XP level 8. HP: 67/67 MP: 11/17
  4635 | D:4      | Found a staircase to the Ecumenical Temple.
  4670 | Temple   | Entered the Ecumenical Temple
  5063 | D:4      | Found a broken altar of Ashenzari.
  5166 | D:4      | Became a worshipper of Ashenzari the Shackled
  5327 | D:5      | Entered Level 5 of the Dungeon
  5330 | D:5      | Found a sand-covered staircase.
  5366 | Ossuary  | Entered an ossuary
  5709 | Ossuary  | Reached skill level 8 in Air Magic
  5888 | D:5      | Noticed Prince Ribbit
  5909 | D:5      | Killed Prince Ribbit
  5910 | D:5      | Reached skill level 1 in Fighting
  6094 | D:5      | Identified the +0 ring mail of Axisk {Fly rPois rF+}
  6162 | D:5      | Reached XP level 9. HP: 56/80 MP: 11/20
  6341 | D:5      | Found a sacrificial altar of Ru.
  6499 | D:5      | Reached skill level 9 in Air Magic
  7449 | D:6      | Reached * piety under Ashenzari
  7630 | D:6      | Found a runed translucent gate.
  7632 | D:6      | Found a runed translucent gate.
  7633 | D:6      | Found a runed translucent gate.
  7635 | D:6      | Noticed Azoth's ghost (novice HuFi)
  7650 | D:6      | Reached skill level 5 in Fighting
  8238 | D:7      | Reached ** piety under Ashenzari
  8261 | D:7      | Found a shimmering blue altar of Sif Muna.
  8379 | D:7      | Reached skill level 10 in Air Magic
  8546 | D:7      | Reached XP level 10. HP: 92/98 MP: 16/22
  8961 | D:8      | Noticed Grum
  8971 | D:8      | Killed Grum
  9881 | D:8      | Reached *** piety under Ashenzari
  9919 | D:8      | Noticed Maurice
  9921 | D:8      | Killed Maurice
  9922 | D:8      | Reached skill level 11 in Air Magic
 10203 | D:8      | Found a hide-covered altar of Uskayaw.
 10295 | D:8      | Learned a level 2 spell: Mercury Vapours
 11161 | D:9      | Reached **** piety under Ashenzari
 11210 | D:9      | Found a staircase to the Lair.
 11291 | D:9      | Noticed a two-headed ogre
 11301 | D:9      | Killed a two-headed ogre
 11302 | D:9      | Reached XP level 11. HP: 34/113 MP: 0/24
 11381 | D:9      | Reached skill level 10 in Spellcasting
 12096 | D:9      | Noticed a two-headed ogre
 12101 | D:9      | Killed a two-headed ogre
 12102 | D:9      | Reached skill level 12 in Air Magic
 12583 | Lair:1   | Entered Level 1 of the Lair of Beasts
 12583 | Lair:1   | Found a transporter.
 12833 | Lair:1   | Identified the Almanac of the Dragon
 12854 | Lair:1   | Reached ***** piety under Ashenzari
 13342 | Lair:1   | Found a transporter.
 13343 | Lair:1   | Identified the +1 helmet of Entitlement {Harm rElec rPois}
 13345 | Lair:1   | Noticed a swamp dragon
 13939 | Lair:2   | Reached skill level 10 in Fighting
 14180 | Lair:2   | Reached skill level 13 in Air Magic
 14362 | Lair:2   | HP: 4/118 [torpor snail (11)]
 14363 | Lair:2   | Succumbed to a cane toad's poison

Illustrated notes

Levels and vault maps discovered:
D:1:      dpeg_arrival_boxorama, layout_loops_ring, serial_shops,
          nicolae_shop_waterfront, minmay_cupped
D:2:      layout_rooms, hangedman_decor_growths, minmay_distorted, uniq_terence,
          uniq_sigmund
D:3:      layout_basic, nicolae_wu_jian_immortal_techniques,
          amcnicky_altar_gilded, ebering_ecumenical_altar_abandoned,
          serial_shops, shop, gup_sewer_entry_bowl, due_unseen_surprise,
          uniq_robin, uniq_grinder
D:4:      layout_basic, grunt_temple_overflow_holy_war, lemuel_doored_altar,
          mainiacjoe_overflow_catch_the_wave, minmay_temple_entry_slanted
D:5:      layout_loops_ring, nicolae_ru_the_path_less_chosen,
          gammafunk_temple_overflow_wave, nicolae_ossuary_entry_monument,
          minmay_fountain_box, nicolae_zig_zag_zippers, uniq_prince_ribbit1
D:6:      layout_gridville, ebering_ghost_rock_garden, kennysheep_pointless_box,
          minmay_misc_feat_columns, kennysheep_decorative_pillar
D:7:      old_forge, layout_cave_pools, nicolae_sif_muna_condensation
D:8:      layout_basic, marbit_many_paths, minmay_quadrilaterals, uniq_maurice,
          uniq_grum
D:9:      layout_basic, lair_entry_dummy, enter_bailey_2
Temple:   hellmonk_temple_two_chambers
Lair:1:   gammafunk_cloud_chamber, layout_loops_ring
Lair:2:   layout_cave_pods, spider_nest_entry_funnel_web, nzn_ghost_randoct,
          beast_lair_carwin_9, lemuel_fruit_fields, infiniplex_staircase_pool

Skill      XL: |  1  2  3  4  5  6  7  8  9 10 11 |
---------------+----------------------------------+-----
Air Magic      | 3 5 6 7 8 10 11 13 | 13.0
Spellcasting   | 3 4 5 6 7 8 9 11 | 11.1
Fighting       | 2 5 8 10 | 10.2
Dodging        | |  1.7
Stealth        | |  1.4
Conjurations   | |  0.8

Action                     |  1- 3 |  4- 6 |  7- 9 | 10-12 || total
---------------------------+-------+-------+-------+-------++-------
  Melee: Unarmed           |    21 |     4 |       |       ||    25
         Headbutt          |     4 |     8 |    25 |    12 ||    49
         Whip              |       |    28 |   120 |    59 ||   207
   Cast: Shock             |    51 |    60 |   123 |    15 ||   249
         Static Discharge  |       |    14 |    92 |    61 ||   167
         Airstrike         |       |       |    21 |   112 ||   133
 Invoke: Curse Item        |       |       |     3 |     3 ||     6
    Use: Potion            |       |     1 |     1 |       ||     2
         Scroll            |       |       |     8 |     1 ||     9
   Stab: Sleeping          |       |       |     1 |       ||     1
 Armour: Robe              |    27 |    58 |   267 |   214 ||   566
  Dodge: Dodged            |    20 |    31 |   113 |    75 ||   239
  Block: Other             |       |       |    29 |    36 ||    65
         Reflection        |       |       |       |     2 ||     2

Table legend: (Time is in decaauts)
 A = Elapsed time spent in this place.
 B = Non-inter-level travel time spent in this place.
 C = Inter-level travel time spent in this place.
 D = Time resting spent in this place.
 E = Time spent auto-exploring this place.
 F = Levels seen in this place.
 G = Mean time per level.
                   A        B        C        D        E       F      G
               +--------+--------+--------+--------+--------+-----+--------+
         Total |  14394 |  14063 |    331 |    355 |  11554 |  14 | 1028.1 |
       Dungeon |  11630 |  11370 |    260 |    202 |   9509 |   9 | 1292.2 |
        Temple |    100 |    100 |      0 |      0 |     99 |   1 |  100.0 |
          Lair |   1789 |   1719 |     70 |    153 |   1279 |   2 |  894.5 |
         Sewer |    398 |    398 |      0 |      0 |    318 |   1 |  398.0 |
       Ossuary |    476 |    476 |      0 |      0 |    349 |   1 |  476.0 |
               +--------+--------+--------+--------+--------+-----+--------+

Top non-repeatable levels by time:
     D:8: 2194 daAuts
     D:1: 1486 daAuts
     D:9: 1437 daAuts
     D:3: 1406 daAuts
  Lair:1: 1275 daAuts
     D:6: 1157 daAuts
     D:5: 1022 daAuts
     D:4: 1008 daAuts
     D:7: 977 daAuts
     D:2: 939 daAuts
  Lair:2: 513 daAuts
 Ossuary: 476 daAuts
   Sewer: 398 daAuts
  Temple: 100 daAuts
